 Dungeon Crawl Stone Soup version 0.18-a0-1778-gadce9fa (webtiles) character file.

19 Cathrinf the Ducker (level 2, 0/25 HPs)
             Began as a Ghoul Gladiator on Apr 16, 2016.
             Was an Initiate of Nemelex Xobeh.
             Slain by a sky beast (5 damage)
             ... on level 5 of the Dungeon.
             The game lasted 00:10:57 (862 turns).

Cathrinf the Ducker (Ghoul Gladiator)                Turns: 862, Time: 00:10:57

Health: 0/25       AC:  7    Str: 18      XL:     2   Next: 75%
Magic:  1/1        EV:  8    Int:  3      God:    Nemelex Xobeh [......]
Gold:   103        SH:  6    Dex:  7 (9)  Spells: 0 memorised, 1 level left

rFire  . . .     SeeInvis .     m - +2 dagger (speed)
rCold  + . .     Gourm    .     n - +1 ring mail (curse)
rNeg   + + +     Faith    .     e - +0 shield
rPois  ∞         Spirit   .     c - +0 helmet
rElec  .         Dismiss  .     (no cloak)
rCorr  .         Reflect  .     (no gloves)
SustAt .         Harm     .     (no boots)
MR     .....                    (no amulet)
Stlth  ..........               (no ring)
                                (no ring)

@: rotting, not resistant to hostile enchantments, extremely unstealthy
A: rotting body, claws 1, carnivore 3, cold resistance 1, negative energy
resistance 3, slow regeneration 1, torment resistance, unbreathing
a: Renounce Religion


You were on level 5 of the Dungeon.
You worshipped Nemelex Xobeh.
Nemelex Xobeh was noncommittal.
You were not hungry.

You visited 1 branch of the dungeon, and saw 5 of its levels.

You collected 103 gold pieces.

Inventory:

Hand Weapons
 a - a +0 war axe
 i - a +0 dagger
 m - a +2 dagger of speed (weapon)
Missiles
 d - 3 throwing nets (quivered)
Armour
 b - a +0 leather armour
 c - a +0 helmet (worn)
 e - a +0 shield (worn)
 n - a cursed +1 ring mail (worn)
Scrolls
 g - 7 scrolls of identify
 h - 3 scrolls of noise
Potions
 k - a potion of cure mutation
Books
 p - a book of Death

   Spells                             Type                      Level
   a - Corpse Rot                     Necromancy                   2
   b - Sublimation of Blood           Necromancy                   2
   c - Agony                          Necromancy                   5
   d - Dispel Undead                  Necromancy                   5
   e - Excruciating Wounds            Charms/Necromancy            5
   f - Bolt of Draining               Conjuration/Necromancy       5
Miscellaneous
 l - a plain deck of war
Comestibles
 f - 3 meat rations


   Skills:
 + Level 2.4 Fighting
 + Level 3.0 Axes
 + Level 1.9 Throwing
 + Level 0.1 Armour
 + Level 3.0 Dodging


You had one spell level left.
You didn't know any spells.

Dungeon Overview and Level Annotations

Branches:
Dungeon (5/15)
 Temple: D:4-7

Altars:
Cheibriados
Nemelex Xobeh
Sif Muna
Trog


Innate Abilities, Weirdness & Mutations

Your body is rotting away.
You thrive on raw meat.
You are immune to poison.
You have sharp fingernails.
You are carnivorous and can eat meat at any time.
Your flesh is cold resistant.
You are immune to negative energy.
You regenerate slowly when monsters are visible.
You are immune to unholy pain and torment.
You can survive without breathing.


Message History

There is an open door here.
You hit the sky beast but do no damage.
The sky beast flickers out of sight!
Deactivating autopickup; reactivate with Ctrl-A.
Something hits you but does no damage.
Your shield and ring mail prevent you from hitting something.
Something hits you. Something shocks you.
You barely miss something. You closely miss something. Something hits you.
Something shocks you.
You miss something. You block something's attack.
You barely miss something. Something hits you but does no damage.
Your shield and ring mail prevent you from hitting something.
You closely miss something. Something hits you but does no damage.
You miss something. Something hits you but does no damage.
You closely miss something. Something hits you but does no damage.
You hit something. You hit something. Something hits you.
* * * LOW HITPOINT WARNING * * *
Something shocks you.
You die...
Your body disappears without a glow.

#+# ############### 8.8#
#.............# ....#
#.###########.# [...8# #.#
#.# ......##.# #.#
......8#.# #.#
.!....{@.####### #.#
......8#.......# #.### ##
......##.#.###.# #.... #.
....8##........#####.###
#.### ....##...............#
#.#.##8?8##.......#..#####.#
##.#..##+#####..#.....# #.#
.##.....##.#.# #..(........
..# ..........#..
...##........ ###


There were no monsters in sight!

Vanquished Creatures
  A dart slug (D:3)
  A bat (D:3)
  2 giant cockroaches (D:3)
  3 goblins
  3 hobgoblins
  A quokka (D:4)
  2 kobolds
  2 rats
15 creatures vanquished.

Notes
Turn   | Place    | Note
--------------------------------------------------------------
     0 | D:1      | Cathrinf the Ghoul Gladiator began the quest for the Orb.
     0 | D:1      | Reached XP level 1. HP: 17/17 MP: 0/0
   308 | D:2      | Found a sparkling altar of Nemelex Xobeh.
   323 | D:2      | Reached XP level 2. HP: 21/23 MP: 1/1
   329 | D:2      | Became a worshipper of Nemelex Xobeh the Trickster
   427 | D:3      | Received a gift from Nemelex Xobeh
   586 | D:3      | Found a deep blue altar of Sif Muna.
   633 | D:3      | Found a snail-covered altar of Cheibriados.
   738 | D:4      | Found a bloodstained altar of Trog.
   781 | D:5      | Entered Level 5 of the Dungeon
   849 | D:5      | Noticed a sky beast
   862 | D:5      | Slain by a sky beast

Vault maps used:
D:1:      dpeg_arrival_simpleton_a
D:2:      minitemple, nemelex_deck, cheibriados_altar_1
D:3:      nicolae_overflow_hidden_temple, first_bread
D:4:      evilmike_ruin_ashenzari, bloody_trog, temple_hall_moat
D:5:      nicolae_ossuary_entry_false_entrances, serial_shops, shop_scrolls,
          dk_noncrumbling_4, hangedman_abyss_or_decor_lesser_grid,
          gammafunk_pakellas_cloud_experiment

Skill      XL: |  1  2 |
---------------+-------+-----
Dodging        | 3 |  3.0
Axes           | 3 |  3.0
Fighting       | |  2.4
Throwing       | |  1.9
Armour         | |  0.1

Action                   || total
-------------------------++-------
Melee: War axe           ||    23
       Dagger            ||    34
  Use: Scroll            ||     8
       Potion            ||     9
  Eat: Chunk             ||     1
Armor: Leather armour    ||     9
       Ring mail         ||    13
Dodge: Dodged            ||    18
Block: Shield            ||    11
